 Dungeon Crawl Stone Soup version 0.31.0-32-g396128a36d (webtiles) character file.

Game seed: 495801523839368279

58 Alphaeus the Ruffian (level 4, 0/28 HPs)
             Began as an Octopode Shapeshifter on Mar 19, 2024.
             Slain by Terence
             ... wielding a +0 mace
              (9 damage)
             ... on level 2 of the Dungeon.
             The game lasted 00:01:13 (1300 turns).

Alphaeus the Ruffian (Octopode Shapeshifter)        Turns: 1300, Time: 00:01:13

Health: 0/28       AC:  1    Str: 15    XL:     4   Next: 1%
Magic:  4/4        EV: 13    Int: 12    God:
Gold:   115        SH:  0    Dex: 11    Spells: 3/3 levels left

rFire   . .          .
                       - Unarmed
rCold   . . .        (no shield)
rNeg    . . .        (helmet currently unavailable)
rPois   .            (no amulet)
rElec   .            (no ring)
rCorr   .            (no ring)
SInv    .            (no ring)
Will    .....        (no ring)
Stlth   ++           (no ring)
HPRegen 0.24/turn    (no ring)
MPRegen 0.09/turn    (no ring)
                     (no ring)

%: no passive effects
@: beast-form
A: beast (slay +2), almost no armour, amphibious, 8 rings, camouflage 1,
gelatinous body 1, (nimble swimmer 1), tentacles
a: Begin Untransformation


You were on level 2 of the Dungeon.
You were a hulking beast.
You visited 1 branch of the dungeon, and saw 2 of its levels.

You collected 115 gold pieces.

Inventory:

Talismans
 b - a beast talisman
 c - a flux talisman
Scrolls
 d - a scroll of revelation {unknown}
 e - a scroll of immolation {unknown}
 f - a scroll of fog {unknown}
 g - a scroll of teleportation {unknown}
 i - a scroll of fear {unknown}
Potions
 a - a potion of lignification
 h - a potion of curing {unknown}
 j - a potion of might {unknown}
 k - a potion of enlightenment {unknown}


   Skills:
 + Level 1.6 Fighting
 + Level 2.4 Dodging
 * Level 3.7 Unarmed Combat
 * Level 3.5 Shapeshifting


You had 3 spell levels left.
You didn't know any spells.
Your spell library was empty.

Dungeon Overview and Level Annotations

Branches:
Dungeon (2/15)

Altars:

Annotations:
D:2 Terence


Innate Abilities, Weirdness & Mutations

You are a hulking beast.
Your limbs bulge with bestial killing power. (Slay +2)
You cannot wear most types of armour.
You are amphibious.
You can wear up to eight rings at the same time.
Your skin changes colour to match your surroundings (Stealth+).
Your rubbery body absorbs attacks. (AC +1, EV +1)
((You are camouflaged when in or above water. (Stealth+)))
You have tentacles for arms and can constrict up to eight enemies at once.


Message History

Terence the Incautious comes into view.
He is wielding a +0 mace.
Found 8 gold pieces.
Terence shouts!
Terence is nearby!
Terence hits you with a +0 mace!
You barely miss Terence. Your grab misses Terence.
Terence hits you with a +0 mace!
You are too injured to fight recklessly!
You are too injured to fight recklessly!
You are too injured to fight recklessly!
You are too injured to fight recklessly!
You are too injured to fight recklessly!
You are too injured to fight recklessly!
You are too injured to fight recklessly!
You are too injured to fight recklessly!
You are too injured to fight recklessly!
You are too injured to fight recklessly!
You are too injured to fight recklessly!
You are too injured to fight recklessly!
You are too injured to fight recklessly!
You are too injured to fight recklessly!
You are too injured to fight recklessly!
You are too injured to fight recklessly!
You are too injured to fight recklessly!
You are too injured to fight recklessly!
You barely miss Terence. You grab Terence.
You constrict Terence, but do no damage.
Terence hits you with a +0 mace.
You tentacle-slap Terence.
Terence is moderately wounded.
You constrict Terence, but do no damage.
Terence barely misses you.
You tentacle-slap Terence but do no damage.
Terence is moderately wounded.
You constrict Terence. Terence barely misses you.
You tentacle-slap Terence but do no damage.
Terence is moderately wounded.
You constrict Terence. Terence hits you with a +0 mace!
You die...
Terence says, "That felt goooood."

###### ###.#. #...
...... #### ####
#..... #... #....
#...# #... ## #....
... .. #. #...@##.# <#
####. #...$h#.###.#
#.... #...........#
#.##. #...###.....#
#.##. #(.....##...#
#.##.
###.##......######.###
#.####.#....#....##.
#...........#.#.....
######.#†...#.#.#.#.
#.#.#....###+#.


You could see Terence.

Vanquished Creatures
  A gnoll (D:1)
  2 ribbon worms (D:2)
  2 ball pythons (D:2)
  3 bats
  An endoplasm (D:1)
  A giant cockroach (D:1)
  7 hobgoblins
  4 quokkas
  11 frilled lizards
  4 goblins
  2 kobolds (D:1)
  6 rats
44 creatures vanquished.

Notes
Turn   | Place    | Note
-------+----------+-------------------------------------------
     0 | D:1      | Alphaeus the Octopode Shapeshifter began the quest for the
                  | Orb.
     0 | D:1      | Reached XP level 1. HP: 13/13 MP: 1/1
    48 | D:1      | Reached XP level 2. HP: 7/18 MP: 2/2
   381 | D:1      | Reached XP level 3. HP: 23/23 MP: 3/3
  1265 | D:2      | Reached XP level 4. HP: 25/28 MP: 4/4
  1293 | D:2      | Noticed Terence
  1300 | D:2      | Slain by Terence

Illustrated notes

Levels and vault maps discovered:
D:1:      co_arrival_random_square_maze, layout_loops_cross, minmay_lizard_king
D:2:      layout_basic, uniq_terence

Action                     |  1- 3 |  4- 6 || total
---------------------------+-------+-------++-------
  Melee: Unarmed           |    77 |     8 ||    85
         Constrict         |    21 |     1 ||    22
         Tentacles         |    17 |       ||    17
         Punch             |     3 |       ||     3
   Stab: Sleeping          |     7 |       ||     7
 Armour: Skin              |    30 |     5 ||    35
  Dodge: Dodged            |    33 |     3 ||    36
